 Dungeon Crawl Stone Soup version 0.21.1-1-g345015fe64 (webtiles) character file.

7263 Oravi the Fighter (level 11, -4/78 HPs)
             Began as a Halfling Fighter on Mar 24, 2018.
             Was a Priest of Okawaru.
             Slain by Snorg (14 damage)
             ... on level 10 of the Dungeon.
             The game lasted 01:17:12 (11541 turns).

Oravi the Fighter (Halfling Fighter)               Turns: 11541, Time: 01:17:12

Health: -4/78      AC: 12    Str: 18    XL:     11   Next: 34%
Magic:  12/12      EV: 13    Int:  6    God:    Okawaru [***...]
Gold:   479        SH: 14    Dex: 17    Spells: 10/10 levels left

rFire    . . .     SeeInvis .   b - +1 hunting sling
rCold    . . .     Gourm    .   c - +2 shield
rNeg     + . .     Faith    .   n - +0 scale mail
rPois    +         Spirit   .   m - +0 helmet
rElec    .         Reflect  .   j - +0 cloak
rCorr    .         Harm     +   (no gloves)
MR       .....                  p - +0 pair of boots
Stlth    ..........             s - amulet of harm
HPRegen  0.23/turn              t - ring of poison resistance
MPRegen  0.13/turn              G - ring of positive energy

@: no status effects
A: small, mutation resistance 1
a: Heroism, Renounce Religion


You were on level 10 of the Dungeon.
You worshipped Okawaru.
Okawaru was most pleased with you.
You were hungry.

You visited 2 branches of the dungeon, and saw 11 of its levels.

You collected 479 gold pieces.

Inventory:

Hand Weapons
 a - a +2 short sword of venom
 b - a +1 hunting sling (weapon)
 l - a +0 rapier
Missiles
 k - 164 stones
 D - 26 sling bullets (quivered)
 H - a throwing net
Armour
 c - a +2 shield (worn)
 j - a +0 cloak (worn)
 m - a +0 helmet (worn)
 n - a +0 scale mail (worn)
 p - a +0 pair of boots (worn)
 q - a +0 scale mail
 u - the +0 leather armour of Supple Strength {rN+ Str+3 Int+3, unknown}
   (You found it on level 8 of the Dungeon)

   It affects your strength (+3).
   It affects your intelligence (+3).
   It protects you from negative energy.
 B - a +0 chain mail
 E - a +0 helmet
Jewellery
 s - an amulet of harm (around neck)
 t - a ring of poison resistance (left hand)
 C - the ring of the Moon {Fire Str+2 Dex-3 Slay+2}
   (You found it on level 7 of the Dungeon)

   [ring of fire]

   It enhances your fire magic.
   It affects your strength (+2).
   It affects your dexterity (-3).
   It affects your accuracy and damage with ranged weapons and melee attacks
   (+2).
   It protects you from fire.
   It makes you vulnerable to cold.
 G - a ring of positive energy (right hand)
 I - an uncursed ring of fire
Wands
 h - a wand of random effects (44)
 z - a wand of flame (47)
 F - a wand of disintegration (23)
 K - a wand of polymorph (19)
Scrolls
 g - 3 scrolls of enchant armour
 r - 5 scrolls of teleportation
 y - 2 scrolls of identify
 A - a scroll of remove curse
 L - a scroll of magic mapping
Potions
 d - a potion of might
 e - a potion of brilliance
 i - 3 potions of flight
 o - 2 potions of haste
 v - a potion of cancellation
 w - a potion of curing
 x - a potion of heal wounds
Books
 M - a book of Debilitation

   Spells                             Type                      Level
   a - Corona                         Hexes                        1
   b - Slow                           Hexes                        2
   c - Inner Flame                    Hexes/Fire                   3
   d - Portal Projectile              Hexes/Translocation          3
   e - Cause Fear                     Hexes                        4
   f - Leda's Liquefaction            Hexes/Earth                  4
Comestibles
 f - 26 rations


   Skills:
 + Level 8.7 Fighting
 + Level 8.6 Short Blades
 + Level 8.0 Slings
 + Level 8.5 Armour
 + Level 4.3 Dodging
 + Level 8.6 Shields
 * Level 1.4 Evocations


You had 10 spell levels left.
You didn't know any spells.

Dungeon Overview and Level Annotations

Branches:
Dungeon (10/15)            Temple (1/1) D:6            Lair (0/6) D:9
    Orc (0/2) D:9

Altars:
Ashenzari
Cheibriados
Dithmenos
Elyvilon
Fedhas
Gozag
Hepliaklqana
Kikubaaqudgha
Makhleb
Nemelex Xobeh
Okawaru
Qazlal
Ru
Sif Muna
Trog
Uskayaw
Vehumet
Wu Jian
Xom
Yredelemnul
Zin
The Shining One

Shops:
D:4 %   D:7 (   D:8 [   D:9 (

Annotations:
D:10 Snorg


Innate Abilities, Weirdness & Mutations

You are small and have problems with some larger weapons.
You are somewhat resistant to further mutation.


Message History

You block Snorg's attack.
Firing (i - inventory. (,) - cycle):
D - 27 sling bullets (quivered)
Press: ? - help, Shift-Dir - straight line, f/p - Snorg
Aim: Snorg (berserk, fast, unusually strong)
You shoot a sling bullet. The sling bullet hits Snorg.
Snorg is lightly wounded.
Snorg closely misses you. You block Snorg's attack.
Snorg claws you but does no damage. Snorg bites you but does no damage.
Snorg claws you but does no damage. You block Snorg's attack.
The centaur unwields an uncursed shortbow.
You block the centaur's attack.
The centaur wields an uncursed shortbow.
The centaur shoots an arrow.
The arrow hits you but does no damage. Snorg bites you!
Snorg completely misses you. x2
You see here an arrow.
You block Snorg's attack. Snorg claws you! Snorg claws you but does no damage.
Snorg bites you!!
* * * LOW HITPOINT WARNING * * *
Snorg claws you!
You die...

#......# .... #......#
.T.%( #......# .....(
####......####....(.
...........((((..(..
............W......
#.......S......(.. ..
####......cTS.......(
..##..........@.........
....#.#.#...........!..
#.................##..
#..#.#.#....<.....# ..
..##................#
.....#.#.#..........#
....................#
...####.............#
#.............#


You could see Snorg (berserk), a troll, a phantom, 2 water moccasins and a
centaur.

Vanquished Creatures
  A two-headed ogre (D:7)
  A shining eye (D:9)
  A cyclops (D:8)
  A troll (D:9)
  A hornet (D:7)
  Prince Ribbit (D:7)
  A hippogriff (D:8)
  Sigmund (D:6)
  A spriggan (D:8)
  Eustachio (D:4)
  Menkaure (D:4)
  2 water moccasins (D:8)
  Duvessa (D:4)
  2 porcupines
  4 orc warriors
  A phantom (D:5)
  A black bear (D:9)
  4 ogres
  4 ice beasts
  A crocodile (D:9)
  3 centaurs
  A big kobold (D:9)
  3 bullfrogs
  3 scorpions
  Dowan (D:4)
  5 wights (D:6)
  A howler monkey (D:6)
  7 crimson imps
  2 jellies
  A quasit (D:8)
  2 bullfrog skeletons
  2 bullfrog zombies
  8 hounds
  7 orc wizards
  8 orc priests
  Crazy Yiuf (D:2)
  A centaur skeleton (D:5)
  5 iguanas
  5 worker ants
  A hound zombie (D:6)
  2 hound skeletons
  A howler monkey zombie (D:7)
  Robin (D:4)
  3 gnolls (D:4)
  8 adders
  A shadow imp (D:4)
  2 oozes
  3 adder zombies (D:6)
  3 worms
  5 dart slugs
  3 leopard geckos
  36 orcs
  2 ball pythons
  5 giant cockroaches
  10 goblins
  11 hobgoblins
  3 jackals (D:7)
  11 kobolds
  2 quokkas
  7 bats
  7 frilled lizards
  A jackal skeleton (D:4)
  9 rats
234 creatures vanquished.

Notes
Turn   | Place    | Note
-------+----------+-------------------------------------------
     0 | D:1      | Oravi the Halfling Fighter began the quest for the Orb.
     0 | D:1      | Reached XP level 1. HP: 15/15 MP: 1/1
   104 | D:1      | Reached XP level 2. HP: 20/20 MP: 2/2
   383 | D:1      | Reached XP level 3. HP: 25/25 MP: 3/3
   729 | D:2      | Found a white marble altar of Elyvilon.
   821 | D:2      | Found a runed door.
   997 | D:2      | Found a blossoming altar of Fedhas.
  1180 | D:2      | Reached XP level 4. HP: 31/31 MP: 4/4
  1199 | D:2      | Reached skill level 1 in Slings
  1463 | D:2      | Reached XP level 5. HP: 36/36 MP: 5/5
  2096 | D:3      | Reached skill level 5 in Slings
  2096 | D:3      | Reached XP level 6. HP: 42/42 MP: 6/6
  2524 | D:2      | Noticed Crazy Yiuf
  2532 | D:2      | Killed Crazy Yiuf
  2635 | D:4      | Found Meoj's Food Shoppe.
  2867 | D:4      | Reached XP level 7. HP: 22/46 MP: 7/7
  2881 | D:4      | Noticed Duvessa
  3218 | D:3      | Reached skill level 1 in Dodging
  3247 | D:3      | HP: 1/47 [orc wizard/magic dart (10)]
  3831 | D:4      | Reached XP level 8. HP: 47/54 MP: 8/8
  3840 | D:4      | Noticed Robin
  3853 | D:4      | Killed Robin
  4101 | D:4      | Noticed Eustachio
  4129 | D:4      | Killed Eustachio
  4212 | D:4      | Noticed Menkaure
  4229 | D:4      | Killed Menkaure
  4452 | D:4      | Noticed Dowan
  4463 | D:4      | Killed Dowan
  4463 | D:4      | Reached skill level 5 in Shields
  4483 | D:4      | Killed Duvessa
  4483 | D:4      | Reached skill level 5 in Armour
  4629 | D:4      | Reached skill level 5 in Short Blades
  4716 | D:4      | Found a shadowy altar of Dithmenos.
  4966 | D:5      | Entered Level 5 of the Dungeon
  5121 | D:4      | Reached skill level 5 in Fighting
  5121 | D:4      | Reached XP level 9. HP: 28/61 MP: 9/9
  6130 | D:6      | Noticed Sigmund
  6137 | D:6      | Killed Sigmund
  6859 | D:6      | Found a staircase to the Ecumenical Temple.
  6878 | Temple   | Entered the Ecumenical Temple
  7139 | Temple   | Became a worshipper of Warmaster Okawaru
  7783 | D:7      | Noticed Prince Ribbit
  7833 | D:7      | Reached XP level 10. HP: 69/69 MP: 10/10
  8202 | D:7      | Got a scorched golden ring
  8203 | D:7      | Identified the ring of the Moon {Fire Str+2 Dex-3 Slay+2} (You found it on level 7 of the Dungeon)
  8243 | D:7      | Reached * piety under Okawaru
  8407 | D:7      | Killed Prince Ribbit
  8485 | D:7      | Found Zaaleh's Weapon Shoppe.
  9006 | D:8      | Noticed a cyclops
  9011 | D:8      | Killed a cyclops
  9011 | D:8      | Reached ** piety under Okawaru
  9351 | D:8      | Noticed a two-headed ogre
  9408 | D:7      | Killed a two-headed ogre
  9408 | D:7      | Reached *** piety under Okawaru
  9408 | D:7      | Reached XP level 11. HP: 22/77 MP: 11/11
  9690 | D:8      | Reached skill level 1 in Evocations
  9703 | D:8      | Got a scorched leather armour
  9825 | D:8      | Found Cafuox's Antique Armour Shoppe.
 10445 | D:9      | Received a gift from Okawaru
 10521 | D:9      | Found a staircase to the Orcish Mines.
 10554 | D:9      | Noticed Erica
 11095 | D:9      | Found a staircase to the Lair.
 11236 | D:9      | Noticed Erica
 11236 | D:9      | Erica changed into Erica the shining eye
 11249 | D:9      | Killed Erica the shining eye
 11330 | D:9      | Found Xuicotio's Antique Weapon Emporium.
 11488 | D:10     | Entered Level 10 of the Dungeon
 11526 | D:10     | Noticed Snorg
 11541 | D:10     | Slain by Snorg

Skill      XL: |  1  2  3  4  5  6  7  8  9 10 11 |
---------------+----------------------------------+-----
Fighting       | 3 5 6 8 |  8.7
Short Blades   | 3 4 5 6 8 |  8.6
Slings         | 4 5 6 8 |  8.0
Shields        | 4 5 6 7 8 |  8.6
Armour         | 4 5 6 7 8 |  8.5
Dodging        | 1 2 3 4 |  4.3
Evocations     | 1 |  1.4

Action                   |  1- 3 |  4- 6 |  7- 9 | 10-12 || total
-------------------------+-------+-------+-------+-------++-------
Melee: Rapier            |    91 |    46 |    62 |       ||   199
       Short sword       |       |       |   142 |   115 ||   257
 Fire: Hunting sling     |    36 |   167 |   362 |   219 ||   784
Evoke: Wand              |       |       |       |     8 ||     8
  Use: Scroll            |     5 |     4 |     6 |     1 ||    16
       Potion            |       |       |     6 |     2 ||     8
  Eat: Chunk             |     1 |     5 |    12 |     7 ||    25
       Ration            |       |       |     1 |     1 ||     2
Armor: Scale mail        |    28 |    24 |    85 |    39 ||   176
       Skin              |       |       |     1 |       ||     1
Dodge: Dodged            |    34 |    24 |    76 |    52 ||   186
Block: Shield            |    51 |    43 |   148 |    95 ||   337
